 Dungeon Crawl Stone Soup version 0.25-a0-489-g9ae84a01e3 (webtiles) character file.

Game seed: 18064904898184110147, levelgen mode: deterministic

14 Forecaster the Magician (level 2, -3/22 HPs)
             Began as a Naga Wizard on Feb 11, 2020.
             Slain by a hobgoblin
             ... wielding a +0 club
              (6 damage)
             ... on level 2 of the Dungeon.
             The game lasted 00:05:38 (834 turns).

Forecaster the Magician (Naga Wizard)                Turns: 834, Time: 00:05:38

Health: -3/22      AC:  1    Str:  9    XL:     2   Next: 41%
Magic:  1/6        EV: 10    Int: 18    God:
Gold:   36         SH:  0    Dex:  9    Spells: 4/7 levels left

rFire    . . .     SeeInvis +   g - +0 dagger
rCold    . . .     Gourm    .   (no shield)
rNeg     . . .     Faith    .   a - +0 robe
rPois    +         Spirit   .   b - +0 hat
rElec    .         Reflect  .   (no cloak)
rCorr    .         Harm     .   (no gloves)
MR       .....                  (no barding)
Stlth    ++........             (no amulet)
HPRegen  0.07/turn              (no ring)
MPRegen  0.10/turn              (no ring)

@: very slow
A: large, see invisible, deformed body, poison resistance, slowness 2, slow
metabolism 1, spit poison 1, AC +0
a: Spit Poison


You were on level 2 of the Dungeon.
You were not hungry.

You visited 1 branch of the dungeon, and saw 2 of its levels.

You collected 36 gold pieces.

Inventory:

Hand Weapons
 e - a +0 whip
 g - a +0 dagger (weapon)
 i - a +0 club
 j - a +0 dagger
Missiles
 c - 13 stones (quivered)
 f - 13 sling bullets
 k - 4 atropa-tipped darts
Armour
 a - a +0 robe (worn)
 b - a +0 hat (worn)
 n - a +0 ring mail
 o - a +0 robe
 q - a +0 plate armour
 s - a +0 plate armour
Scrolls
 l - a scroll of immolation {unknown}
 r - a scroll of identify {unknown}
Potions
 h - a potion of heal wounds {unknown}
 m - 2 potions of lignification {unknown}
 p - a potion of cancellation {unknown}
Comestibles
 d - 3 rations


   Skills:
 + Level 0.1 Fighting
 + Level 1.6 Dodging
 + Level 3.1 Stealth
 + Level 3.4 Spellcasting
 + Level 1.2 Conjurations
 + Level 1.0 Summonings
   Level 1.0 Translocations


You had 4 spell levels left.
You knew the following spells:

 Your Spells              Type           Power        Failure   Level  Hunger
a - Magic Dart            Conj           #...         10%         1    None
b - Call Imp              Summ           #.......     16%         2    ##.....

Your spell library contained the following spells:

 Spells                   Type           Power        Failure   Level  Hunger
 Blink                    Tloc           N/A          16%         2    ##.....
 Slow                     Hex            #.......     24%         2    ##.....
 Conjure Flame            Conj/Fire      #.......     36%         3    ###....
 Mephitic Cloud           Conj/Pois/Air  #.......     36%         3    ###....


Dungeon Overview and Level Annotations

Branches:
Dungeon (2/15)

Altars:


Innate Abilities, Weirdness & Mutations

You cannot wear boots.
Your serpentine skin is tough. (AC +0)
You have supernaturally acute eyesight. (SInv)
Armour fits poorly on your strangely shaped body.
Your system is resistant to poisons. (rPois)
You cover ground very slowly.
You have a slow metabolism.
You can spit poison.


Message History

The kobold hits you with a +0 whip.
* * * LOW HITPOINT WARNING * * *
The rat closely misses you.
Your shadow imp hits the rat.
The rat dies!
Casting: Magic Dart (safe; 10% risk of failure)
Confirm with . or Enter, or press ? or * to list all spells.
Aiming: Magic Dart (safe; 10% risk of failure)
Press: ? - help, Shift-Dir - straight line, f/p - kobold
Aim: a kobold, wielding a +0 whip (severely wounded)
The magic dart hits the kobold.
You kill the kobold!
Things that are here:
a +0 whip; a kobold corpse The kobold corpse isn't edible.
e - a +0 whip You swap places.
There is a stone staircase leading down, spattered with blood here.
You climb downwards.
Your summoned allies are left behind.
The hobgoblin barely misses you. The hobgoblin hits you with a +0 club.
You die...

#..........#
#..........#
#..........###
#............
#..........#
#..........##
#...........##
#.....g@.....#
##########.#.#


You could see a hobgoblin.

Vanquished Creatures
  4 bats (D:1)
  3 goblins (D:1)
  A kobold (D:1)
  4 rats (D:1)
12 creatures vanquished.

Vanquished Creatures (collateral kills)
  A rat (D:1)
1 creature vanquished.

Grand Total: 13 creatures vanquished

Notes
Turn   | Place    | Note
-------+----------+-------------------------------------------
     0 | D:1      | Forecaster the Naga Wizard began the quest for the Orb.
     0 | D:1      | Reached XP level 1. HP: 15/15 MP: 4/4
   289 | D:1      | Reached XP level 2. HP: 22/22 MP: 1/6
   712 | D:1      | Learned a level 2 spell: Call Imp
   834 | D:2      | Slain by a hobgoblin

Levels and vault maps discovered:
D:1:      dpeg_arrival_simpleton_a, layout_rooms, nrook_mini_backslash,
          minmay_crystal_water, hangedman_decor_slide_cut, dk_noncrumbling_3,
          minmay_pentomino_v4
D:2:      layout_rooms, grunt_gozag_statues, fedhas_ov_isle_minmay

Action                   || total
-------------------------++-------
Melee: Dagger            ||     4
 Cast: Magic Dart        ||    18
       Call Imp          ||     2
  Use: Scroll            ||     1
Armor: Robe              ||     8
Dodge: Dodged            ||     7

Table legend:
 A = Non-vault XP
 B = Vault XP
 C = Vault XP percentage of total XP
 D = Non-vault monster count
 E = Vault monster count
 F = Vault count percentage of total count
                 A         B        C        D         E       F
            +---------+---------+-------+---------+---------+-------
      Total |      18 |       2 |  10.0 |      12 |       1 |   7.7
            +---------+---------+-------+---------+---------+-------
        D:1 |      18 |       2 |  10.0 |      12 |       1 |   7.7
            +---------+---------+-------+---------+---------+-------
